 Dungeon Crawl Stone Soup version 0.30-a0-879-ga8ba668304 (webtiles) character file.

Game seed: 5736818178511872186

1981 cforsyth the Covered (level 9, -4/74 HPs)
             Began as a Barachi Fighter on Mar 13, 2023.
             Was a Priest of Cheibriados.
             Slain by a yak (12 damage)
             ... on level 5 of the Dungeon.
             The game lasted 00:06:53 (5306 turns).

cforsyth the Covered (Barachi Fighter)              Turns: 5306, Time: 00:06:54

Health: -4/74      AC:  6    Str: 27    XL:     9   Next: 20%
Magic:  9/9        EV: 10    Int: 17    God:    Cheibriados [***...]
Gold:   266        SH:  6    Dex: 19    Spells: 8/8 levels left

rFire   . . .      SeeInvis .    g - +0 broad axe (flame)
rCold   + . .      Faith    .    c - +0 buckler
rNeg    . . .      Spirit   .    j - +2 leather armour {rC+}
rPois   .          Reflect  .    (no helmet)
rElec   .          Rampage  .    (no cloak)
rCorr   .                        (no gloves)
Will    .....                    (no boots)
Stlth   +                        t - amulet of regeneration
HPRegen 1.12/turn                (no ring)
MPRegen 0.11/turn                (no ring)

@: studying Dodging, very slow
A: amphibious, slowness 1, strong legs 1, +LOS
a: Hop, Renounce Religion, Bend Time, Temporal Distortion


You were on level 5 of the Dungeon.
You worshipped Cheibriados.
Cheibriados was most pleased with you.
You visited 1 branch of the dungeon, and saw 6 of its levels.

You collected 266 gold pieces.

Inventory:

Hand Weapons
 a - a +0 war axe
 g - a +0 broad axe of flaming (weapon)
Armour
 b - a +0 scale mail
 c - a +0 buckler (worn)
 j - a +2 leather armour of cold resistance (worn)
Jewellery
 o - a ring of ice
 q - the ring "Oten" {rPois rN+ rCorr Dex+3 Slay-6}
   (You found it on level 2 of the Dungeon)

   [ring of resist corrosion]

   Dex:       It affects your dexterity (+3).
   Slay:      It affects your accuracy & damage with ranged weapons and melee
   (-6).
   rPois:     It protects you from poison.
   rN:        It protects you from negative energy.
   rCorr:     It protects you from acid and corrosion.
 t - an amulet of regeneration (around neck)
Wands
 A - a wand of roots (7)
Scrolls
 f - 3 scrolls of enchant armour {unknown}
 k - a scroll of brand weapon
 l - 4 scrolls of identify {unknown}
 m - a scroll of amnesia {unknown}
 n - 2 scrolls of teleportation
 v - a scroll of poison {unknown}
 y - a scroll of fog {unknown}
 z - a scroll of blinking {unknown}
Potions
 d - 2 potions of might
 e - a potion of resistance {unknown}
 h - a potion of curing {unknown}
 i - a potion of attraction {unknown}
 p - 3 potions of lignification {unknown}
 r - a potion of cancellation {unknown}
 s - a potion of invisibility {unknown}
 u - a potion of magic {unknown}
 w - 2 potions of mutation {unknown}
 x - a potion of brilliance {unknown}


   Skills:
 + Level 7.9 Fighting
 + Level 6.8 Axes
 + Level 7.9 Armour
 + Level 7.2 Shields


You had 8 spell levels left.
You didn't know any spells.
Your spell library contained the following spells:

 Spells                   Type           Power      Damage    Failure   Level
 Yara's Violent Unravell  Hex/Tmut       0%         3d3       100%        5
 Enfeeble                 Hex            0%         N/A       100%        7


Dungeon Overview and Level Annotations

Branches:
Dungeon (6/15)             Temple (0/1) D:4

Altars:
Cheibriados
Qazlal
Sif Muna
Uskayaw

Shops:
D:2 [


Innate Abilities, Weirdness & Mutations

You are amphibious.
You cover ground slowly.
You can hop short distances.
You have an extended range of vision and can be seen from far away.


Message History

Cheibriados appreciates the change of pace.
No target in view!
No target in view!
No target in view!
No target in view!
You start resting.
HP restored.
You start waiting.
Done waiting.
You climb downwards.
You block the yak's attack. The yak gores you!
The yak gores you but does no damage. The yak gores you!
There is a stone staircase leading up, spattered with blood here.
The yak barely misses you. The yak gores you but does no damage.
The yak closely misses you. The yak gores you!
You climb upwards.
There is a stone staircase leading down, spattered with blood here.
You slice the yak!! You burn the yak.
The yak is heavily wounded.
You hit the yak. You burn the yak. You slash the yak! You burn the yak.
You hit the yak but do no damage.
The yak gores you but does no damage. x2
The yak gores you. You block the yak's attack.
You completely miss the yak.
The yak is heavily wounded.
You hit the yak. You burn the yak. You slash the yak! You burn the yak.
You completely miss the yak. The yak gores you but does no damage.
The yak barely misses you. The yak misses you. The yak gores you. x2
You block the yak's attack. x2; The yak gores you.
You closely miss the yak.
The yak is heavily wounded.
You closely miss the yak. You hit the yak. You burn the yak. You slash the yak!
You burn the yak. The yak gores you! You block the yak's attack.
The yak barely misses you. The yak gores you!
* * * LOW HITPOINT WARNING * * *
You hit the yak but do no damage.
The yak is severely wounded.
You hit the yak but do no damage. You completely miss the yak.
You slash the yak! You burn the yak. The yak gores you!
* * * LOW HITPOINT WARNING * * *
The yak completely misses you. The yak gores you!
You die...

#.##...............##[♣♣
#.##................#...
#.#.................'.._
#.#.................#...
#.#.............##.##.♣♣
#.#.............##.##...
#.#.............##.##'##
#.#.#.Y.†...............
#.#.#.Y@Y.......##......
###.#.....Y.####..####.###
#...........####..####.###
#.#.#...##........#.......
#.#.#...##..####.......##.
#.#.#............#.###.##.
#.#.#.####.........# #.##.
#.#...####..####.#.###.##.
#.#.###................##.


You could see 4 yaks.

Vanquished Creatures
  A two-headed ogre (D:4)
  2 yaks (D:5)
  Menkaure (D:4)
  A water moccasin (D:5)
  An ogre (D:5)
  2 phantoms (D:5)
  A scorpion (D:6)
  A bullfrog (D:4)
  3 jellies
  A hound (D:5)
  A gnoll bouda (D:5)
  3 iguanas
  A sleepcap (D:5)
  4 orc wizards
  3 gnolls (D:5)
  7 adders
  A white imp (D:6)
  2 ufetubi
  A worm (D:2)
  2 dart slugs
  24 orcs
  4 ball pythons
  5 endoplasms
  3 giant cockroaches
  13 goblins
  13 hobgoblins
  4 jackals (D:1)
  5 quokkas
  5 bats
  2 frilled lizards (D:1)
  11 kobolds
  4 rats
132 creatures vanquished.

Notes
Turn   | Place    | Note
-------+----------+-------------------------------------------
     0 | D:1      | cforsyth the Barachi Fighter began the quest for the Orb.
     0 | D:1      | Reached XP level 1. HP: 18/18 MP: 1/1
    31 | D:1      | Reached XP level 2. HP: 21/25 MP: 2/2
   369 | D:1      | Reached XP level 3. HP: 30/30 MP: 3/3
  1024 | D:2      | Found a faded altar of an unknown god.
  1095 | D:2      | Reached XP level 4. HP: 37/37 MP: 4/4
  1171 | D:2      | Found Yluas's Armour Shop.
  1277 | D:2      | Identified the ring "Oten" {rPois rN+ rCorr Dex+3 Slay-6}
  2212 | D:3      | Found a snail-covered altar of Cheibriados.
  2361 | D:3      | Became a worshipper of Cheibriados the Contemplative
  2519 | D:3      | Found a shimmering blue altar of Sif Muna.
  2806 | D:4      | Found a staircase to the Ecumenical Temple.
  2826 | D:4      | Found a stormy altar of Qazlal.
  2887 | D:3      | Reached XP level 5. HP: 21/43 MP: 5/5
  3376 | D:4      | Noticed a two-headed ogre
  3424 | D:4      | Killed a two-headed ogre
  3425 | D:4      | Reached skill level 5 in Shields
  3425 | D:4      | Reached XP level 6. HP: 21/52 MP: 6/6
  3425 | D:4      | Reached XP level 7. HP: 23/58 MP: 7/7
  3477 | D:4      | Reached * piety under Cheibriados
  3495 | D:4      | Reached skill level 5 in Axes
  3564 | D:4      | Noticed Menkaure
  3574 | D:4      | Killed Menkaure
  3575 | D:4      | Reached XP level 8. HP: 25/65 MP: 8/8
  4124 | D:5      | Entered Level 5 of the Dungeon
  4250 | D:5      | Found a hide-covered altar of Uskayaw.
  4256 | D:5      | Reached ** piety under Cheibriados
  4778 | D:6      | Noticed a yak
  4778 | D:6      | Noticed a yak
  4778 | D:6      | Noticed a yak
  4778 | D:6      | Noticed a yak
  4778 | D:6      | Noticed a yak
  4779 | D:6      | Noticed a yak
  4791 | D:5      | Killed a yak
  4792 | D:5      | Reached XP level 9. HP: 46/72 MP: 9/9
  4943 | D:6      | Reached *** piety under Cheibriados
  5306 | D:5      | Slain by a yak

Illustrated notes

Levels and vault maps discovered:
D:1:      ncdulo_lavacross, layout_basic, nrook_mini_backslash
D:2:      layout_basic, basic_ecumenical_altar, serial_shops,
          nicolae_diamond_shop
D:3:      layout_basic, lemuel_crystal_altar, mainiacjoe_overflow_alcove_4,
          chequers_jeans, chequers_garden
D:4:      layout_rooms, mainiacjoe_overflow_brackets,
          minmay_temple_entry_purple_smoke, serial_curves, eino_curves_03,
          eino_curves_02, eino_curves_02, kennysheep_minor_cross, st_stairs_11,
          minmay_manual_mandibuliform, uniq_menkaure
D:5:      layout_loops_ring, mainiacjoe_overflow_six_doors_small,
          patterned_corridor
D:6:      cheibrodos_thug_alley, layout_rooms, mainiacjoe_overflow_tiny_flanked,
          serial_glass, glass_columns_b, glass_columns_a

Skill      XL: |  1  2  3  4  5  6  7  8  9 |
---------------+----------------------------+-----
Fighting       | 4 6 7 |  7.9
Armour         | 4 6 7 |  7.9
Axes           | 3 4 5 6 |  6.8
Shields        | 4 5 6 7 |  7.2

Action                     |  1- 3 |  4- 6 |  7- 9 || total
---------------------------+-------+-------+-------++-------
  Melee: War axe           |    14 |       |       ||    14
         Broad axe         |    64 |   112 |   173 ||   349
    Use: Scroll            |       |     6 |     1 ||     7
         Potion            |       |     1 |       ||     1
   Stab: Sleeping          |       |       |     1 ||     1
 Armour: Scale mail        |    11 |       |       ||    11
         Leather armour    |    20 |    44 |    75 ||   139
  Dodge: Dodged            |    40 |    72 |    90 ||   202
  Block: Buckler           |    22 |    36 |    58 ||   116

Table legend: (Time is in decaauts)
 A = Elapsed time spent in this place.
 B = Non-inter-level travel time spent in this place.
 C = Inter-level travel time spent in this place.
 D = Time resting spent in this place.
 E = Time spent auto-exploring this place.
 F = Levels seen in this place.
 G = Mean time per level.
                   A        B        C        D        E       F      G
               +--------+--------+--------+--------+--------+-----+--------+
         Total |   7057 |   6549 |    508 |    608 |   4754 |   6 | 1176.2 |
       Dungeon |   7057 |   6549 |    508 |    608 |   4754 |   6 | 1176.2 |
               +--------+--------+--------+--------+--------+-----+--------+

Top non-repeatable levels by time:
     D:4: 1468 daAuts
     D:5: 1422 daAuts
     D:3: 1416 daAuts
     D:2: 1394 daAuts
     D:1: 993 daAuts
     D:6: 362 daAuts
